 Dungeon Crawl Stone Soup version 0.24.0-13-gcf9b3192b9 (webtiles) character file.

Game seed: 8447930581197835101, levelgen mode: deterministic

58613 Lanoc the Brawler (level 14, -9/127 HPs)
             Began as a Minotaur Transmuter on Nov 9, 2019.
             Was the Champion of Cheibriados.
             Mangled by a sun demon (15 damage)
             ... on level 6 of the Lair of Beasts on Nov 10, 2019.
             The game lasted 00:47:59 (20594 turns).

Lanoc the Brawler (Minotaur Transmuter)            Turns: 20594, Time: 00:48:00

Health: -9/127     AC:  7    Str: 31    XL:     14   Next: 50%
Magic:  15/15      EV: 25    Int: 26    God:    Cheibriados [******]
Gold:   1075       SH: 16    Dex: 29    Spells: 7/15 levels left

rFire    . . .     SeeInvis .     - Unarmed
rCold    + . .     Gourm    +   G - +2 shield
rNeg     . . .     Faith    .   b - +0 robe
rPois    .         Spirit   .   (helmet restricted)
rElec    .         Reflect  .   C - +0 cloak
rCorr    .         Harm     .   (no gloves)
MR       +....                  (boots currently unavailable)
Stlth    ++........             H - amulet of the gourmand
HPRegen  0.31/turn              i - +4 ring of protection
MPRegen  0.14/turn              D - ring of protection from cold

@: appendage, very slow
A: retaliatory headbutt, horns 2, talons 3
a: End Transformation, Bend Time, Temporal Distortion, Slouch, Step From Time,
Renounce Religion


You were on level 6 of the Lair of Beasts.
You worshipped Cheibriados.
Cheibriados was exalted by your worship.
You were completely stuffed.
You had grown temporary talons.
You visited 3 branches of the dungeon, and saw 20 of its levels.
You also visited: Sewer.

You collected 1075 gold pieces.

Inventory:

Hand Weapons
 L - a +1 scimitar of flaming
Missiles
 a - 369 arrows
 q - 8 atropa-tipped darts (quivered)
Armour
 b - a +0 robe (worn)
 C - a +0 cloak (worn)
 G - a +2 shield (worn)
 I - a +0 plate armour
 M - a +0 chain mail of fire resistance
Jewellery
 i - a +4 ring of protection (left hand)
 D - a ring of protection from cold (right hand)
 H - an amulet of the gourmand (around neck)
 J - an uncursed ring of positive energy
Wands
 o - a wand of flame (7)
 r - a wand of enslavement (10)
 u - a wand of scattershot (6)
 w - a wand of polymorph (12)
 y - a wand of digging (14)
 E - a wand of paralysis (5)
Scrolls
 f - 2 scrolls of fear
 l - 4 scrolls of remove curse
 t - 3 scrolls of teleportation
 v - 4 scrolls of blinking
 x - 2 scrolls of amnesia
 z - 2 scrolls of immolation
 A - 3 scrolls of magic mapping
 F - 4 scrolls of identify
 N - 2 scrolls of silence
 P - a scroll of enchant armour
 Q - a scroll of fog
Potions
 c - 7 potions of heal wounds
 e - 11 potions of curing
 g - 2 potions of might
 h - 3 potions of mutation
 j - 5 potions of brilliance
 k - 5 potions of flight
 n - 3 potions of agility
 p - 5 potions of lignification
 s - 2 potions of resistance
 B - 2 potions of cancellation
Miscellaneous
 m - a fan of gales
 O - a phantom mirror
Comestibles
 d - 26 rations


   Skills:
 + Level 12.9 Fighting
 + Level 12.2 Dodging
 + Level 9.3 Shields
 * Level 16.4 Unarmed Combat
 - Level 1.3 Spellcasting
 + Level 9.6 Transmutations


You had 7 spell levels left.
You knew the following spells:

 Your Spells              Type           Power        Failure   Level  Hunger
a - Beastly Appendage     Tmut           ######       1%          1    #......
b - Sticks to Snakes      Tmut           ######..     1%          2    ###....
c - Blade Hands           Tmut           ######....   12%         5    ######.

Your spell library contained the following spells:

 Spells                   Type           Power        Failure   Level  Hunger
 Spider Form              Tmut/Pois      ####......   10%         3    ###....
 Animate Skeleton         Necr           N/A          22%         1    #......
 Flame Tongue             Conj/Fire      #....        22%         1    #......
 Freeze                   Ice            #...         22%         1    #......
 Magic Dart               Conj           #...         22%         1    #......
 Pain                     Necr           #...         22%         1    #......
 Shock                    Conj/Air       #...         22%         1    #......
 Summon Small Mammal      Summ           #...         22%         1    #......
 Ice Form                 Ice/Tmut       ####....     32%         4    #####..
 Call Imp                 Summ           #.......     34%         2    ###....
 Poisonous Vapours        Pois/Air       #.....       34%         2    ###....
 Searing Ray              Conj           #.....       34%         2    ###....
 Swiftness                Chrm/Air       #.......     34%         2    ###....
 Throw Flame              Conj/Fire      #.....       34%         2    ###....
 Throw Frost              Conj/Ice       #.....       34%         2    ###....
 Call Canine Familiar     Summ           #.......     56%         3    ###....
 Conjure Flame            Conj/Fire      #.......     56%         3    ###....
 Dazzling Spray           Conj/Hex       #.....       56%         3    ###....
 Inner Flame              Hex/Fire       #.......     56%         3    ###....
 Mephitic Cloud           Conj/Pois/Air  #.......     56%         3    ###....
 Ozocubu's Armour         Chrm/Ice       #.......     56%         3    ###....
 Recall                   Summ/Tloc      N/A          56%         3    ###....
 Regeneration             Chrm/Necr      #.........   56%         3    ###....
 Static Discharge         Conj/Air       #.......     56%         3    ###....
 Summon Guardian Golem    Hex/Summ       #.......     56%         3    ###....
 Vampiric Draining        Necr           #.........   56%         3    ###....
 Airstrike                Air            #.........   92%         4    #####..
 Animate Dead             Necr           N/A          92%         4    #####..
 Force Lance              Conj/Tloc      #.......     92%         4    #####..
 Fulminant Prism          Conj/Hex       #.........   92%         4    #####..
 Iskenderun's Mystic Bla  Conj           #.......     92%         4    #####..
 Sticky Flame             Conj/Fire      #.......     92%         4    #####..
 Summon Ice Beast         Ice/Summ       #.......     92%         4    #####..
 Summon Lightning Spire   Summ/Air       #.......     92%         4    #####..
 Throw Icicle             Conj/Ice       #.......     92%         4    #####..
 Aura of Abjuration       Summ           #.........   99%         5    ######.
 Fireball                 Conj/Fire      #.........   99%         5    ######.
 Lightning Bolt           Conj/Air       #.........   99%         5    ######.
 Summon Demon             Summ           #.........   99%         5    ######.
 Summon Forest            Summ/Tloc      #.........   99%         5    ######.
 Summon Mana Viper        Hex/Summ       #.......     99%         5    ######.
 Freezing Cloud           Conj/Ice/Air   #.........   100%        6    #######
 Shadow Creatures         Summ           N/A          100%        6    #######
 Ring of Flames           Chrm/Fire      #.........   100%        7    #######


Dungeon Overview and Level Annotations

Branches:
Dungeon (13/15)            Temple (1/1) D:6            Lair (6/6) D:11
 Shoals (0/4) Lair:2       Spider (0/4) Lair:4          Orc (0/2) D:10
  Sewer (visited)
  Slime: Lair:5-6    Vaults: D:13-14

Altars:
Ashenzari
Cheibriados
Elyvilon
Gozag
Makhleb
Nemelex Xobeh
Ru
Trog
Uskayaw
Xom
Yredelemnul
The Shining One

Annotations:
D:6 1 runed translucent door, bl3nd3r's ghost, novice MiBe
Lair:6 exclusion: oklob plant


Innate Abilities, Weirdness & Mutations

You reflexively headbutt those who attack you in melee.
You have a pair of horns on your head.
You have claws for feet.


Message History

A sun demon comes into view.
You pound the ice devil into fine dust!!!
You kill the ice devil!
Cheibriados thoroughly appreciates the change of pace.
You punch the sun demon! You claw the sun demon. You headbutt the sun demon!!
The sun demon is heavily wounded.
The sun demon hits you!
* * * LOW HITPOINT WARNING * * *
You are engulfed in flames!
* * * LOW HITPOINT WARNING * * *
A hell hound comes into view.
The hell hound barks!
You miss the sun demon.
You claw the sun demon, but do no damage.
You headbutt the sun demon, but do no damage.
The sun demon is heavily wounded.
The sun demon hits you!
* * * LOW HITPOINT WARNING * * *
You are engulfed in flames!
You die...

..♣♣♣♣ ♣♣♣♣.÷.♣♣ ♣♣♣..♣♣
♣♣...♣♣♣....♣♣♣ ♣♣..♣♣
♣♣.......♣♣♣ ♣....♣ ♣♣.♣♣P♣♣♣
######''#######
♣♣♣♣♣+#########.............#
........#...8....8....#
..8.8...'.............#
...#.8..############### ♣
#.8..@# .♣ ...8.#.3# .♣
..8.#...h ♣♣ ...8.8..#.
........#.. ######### ##


You could see a sun demon and a hell hound.

Vanquished Creatures
  9 hydras
  3 centaur warriors
  Erica (Lair:1)
  2 two-headed ogres
  6 death yaks (Lair:4)
  Nergalle (Lair:2)
  4 large abominations (D:9)
  A lindwurm (Lair:6)
  An unseen horror (D:10)
  2 wizards
  Pikel (D:5)
  A necromancer (Lair:5)
  2 ugly things (D:12)
  2 manticores
  A cyclops (D:12)
  12 elephants
  A torpor snail (Lair:6)
  2 black mambas
  12 spiny frogs
  2 centaur skeletons (D:12)
  4 rime drakes
  14 komodo dragons
  An ice devil (Lair:6)
  A queen bee (D:10)
  2 trolls
  4 polar bears
  8 blink frogs
  2 slime creatures (D:13)
  14 hippogriffs
  2 spriggans
  A redback (Lair:4)
  A centaur simulacrum (D:12)
  A vampire (D:11)
  3 wraiths
  20 yaks
  Sigmund (D:5)
  7 basilisks
  2 wyverns
  3 hungry ghosts
  7 water moccasins
  Duvessa (D:6)
  3 hell hounds (Lair:6)
  3 black bears
  5 porcupines
  6 orc warriors
  A phantom (D:6)
  7 small abominations (D:9)
  4 ice beasts
  2 elephant zombies (Lair:5)
  3 sky beasts
  A slave (D:5)
  6 ogres
  2 necrophages
  26 wolves
  4 centaurs
  14 crocodiles
  6 big kobolds
  15 bullfrogs
  A gnoll sergeant (D:5)
  A wyvern zombie (D:12)
  3 scorpions
  Dowan (D:6)
  10 killer bees (D:10)
  3 wights (D:8)
  A howler monkey (D:7)
  5 electric eels (Lair:5)
  2 crimson imps
  5 bullfrog zombies
  2 quasits (D:8)
  A basilisk zombie (Lair:5)
  2 centaur zombies
  9 hounds
  5 jellies
  15 orc priests
  7 orc wizards
  Crazy Yiuf (D:7)
  6 worker ants
  4 iguanas
  A crocodile zombie (Lair:5)
  A hound skeleton (D:9)
  4 worker ant zombies
  10 gnolls
  17 adders
  5 river rats
  A shadow imp (D:8)
  An adder zombie (D:9)
  5 worms
  2 dart slugs
  6 leopard geckos
  30 orcs
  7 ball pythons
  6 giant cockroaches
  2 gnoll zombies (D:6)
  6 goblins
  A hobgoblin (D:1)
  10 jackals
  6 quokkas
  7 bats
  3 frilled lizards
  A jackal zombie (D:6)
  26 kobolds
  31 rats
546 creatures vanquished.

Vanquished Creatures (collateral kills)
  A gnoll (D:5)
  A river rat (Sewer)
2 creatures vanquished.

Vanquished Creatures (others)
  A wizard (D:4)
  2 fungi
  3 plants
6 creatures vanquished.

Grand Total: 554 creatures vanquished

Notes
Turn   | Place    | Note
-------+----------+-------------------------------------------
     0 | D:1      | Lanoc the Minotaur Transmuter began the quest for the Orb.
     0 | D:1      | Reached XP level 1. HP: 16/16 MP: 1/1
     6 | D:1      | Noticed a rime drake
     6 | D:1      | Noticed a water moccasin
     6 | D:1      | Noticed a komodo dragon
     7 | D:1      | Noticed a redback
     7 | D:1      | Noticed a hog
   409 | D:1      | Reached XP level 2. HP: 23/23 MP: 3/3
  1057 | D:2      | Reached XP level 3. HP: 21/29 MP: 4/4
  1245 | D:2      | Reached skill level 4 in Unarmed Combat
  1764 | D:3      | Reached XP level 4. HP: 14/37 MP: 3/5
  1800 | D:3      | HP: 1/37 [poisoned by an adder]
  1804 | D:3      | Learned a level 2 spell: Sticks to Snakes
  2072 | D:3      | Found a glowing drain.
  2077 | Sewer    | Entered a sewer
  2536 | Sewer    | Noticed a big kobold
  2536 | Sewer    | Noticed a big kobold
  2557 | Sewer    | Killed a big kobold
  2557 | Sewer    | Reached skill level 5 in Unarmed Combat
  2557 | Sewer    | Reached XP level 5. HP: 35/45 MP: 1/6
  2572 | Sewer    | Reached XP level 6. HP: 40/51 MP: 3/7
  3632 | D:3      | Reached skill level 6 in Unarmed Combat
  3721 | D:3      | Found an opulent altar of Gozag.
  3877 | D:4      | Reached XP level 7. HP: 59/59 MP: 1/8
  3891 | D:4      | Found a sacrificial altar of Ru.
  4033 | D:4      | Found a shimmering altar of Xom.
  4034 | D:4      | Found a snail-covered altar of Cheibriados.
  4039 | D:4      | Became a worshipper of Cheibriados the Contemplative
  4334 | D:4      | Found a bloodstained altar of Trog.
  4559 | D:4      | Noticed a wizard
  4563 | D:4      | Killed a wizard
  4650 | D:5      | Entered Level 5 of the Dungeon
  4977 | D:5      | Got a dazzling hunting sling
  4978 | D:5      | Identified the +6 hunting sling of Uncertain Death {speed,
                  | rElec rN+} (You found it on level 5 of the Dungeon)
  4990 | D:5      | Noticed Sigmund
  4998 | D:5      | Killed Sigmund
  4998 | D:5      | Reached skill level 7 in Unarmed Combat
  5011 | D:5      | Reached * piety under Cheibriados
  5257 | D:5      | Reached XP level 8. HP: 67/67 MP: 9/9
  5262 | D:5      | Reached skill level 5 in Fighting
  5302 | D:5      | Noticed Pikel
  5322 | D:5      | Killed Pikel
  5322 | D:5      | Reached skill level 5 in Dodging
  5322 | D:5      | Reached skill level 8 in Unarmed Combat
  5804 | D:6      | Found a hide-covered altar of Uskayaw.
  5923 | D:6      | Found a runed translucent door.
  5960 | D:6      | Noticed bl3nd3r's ghost (novice MiBe)
  5990 | D:6      | Noticed Dowan
  5990 | D:6      | Noticed Duvessa
  5994 | D:6      | Killed Dowan
  6053 | D:6      | Killed Duvessa
  6343 | D:6      | Found a white marble altar of Elyvilon.
  6429 | D:6      | Reached XP level 9. HP: 75/75 MP: 10/10
  6822 | D:6      | Found a basalt altar of Yredelemnul.
  6882 | D:6      | Reached skill level 9 in Unarmed Combat
  6924 | D:6      | Found a staircase to the Ecumenical Temple.
  7075 | Temple   | Entered the Ecumenical Temple
  7107 | D:7      | Reached ** piety under Cheibriados
  7543 | D:7      | Reached skill level 5 in Transmutations
  7919 | D:7      | Reached *** piety under Cheibriados
  8044 | D:7      | Found a runed translucent door.
  8045 | D:7      | Noticed Crazy Yiuf
  8052 | D:7      | Killed Crazy Yiuf
  8265 | D:8      | Reached skill level 10 in Unarmed Combat
  8294 | D:8      | Found a hide-covered altar of Uskayaw.
  8447 | D:8      | Noticed a two-headed ogre
  8468 | D:8      | Killed a two-headed ogre
  8468 | D:8      | Reached XP level 10. HP: 66/88 MP: 0/11
  8726 | D:8      | Reached **** piety under Cheibriados
  8865 | D:8      | Found a sparkling altar of Nemelex Xobeh.
  8918 | D:8      | Reached skill level 11 in Unarmed Combat
  9412 | D:9      | Got a crystal flail
  9413 | D:9      | Identified the cursed +2 flail of Conscience {chaos, Str+7}
                  | (You found it on level 9 of the Dungeon)
  9433 | D:9      | Noticed a manticore
  9439 | D:9      | Killed a manticore
  9867 | D:9      | Noticed a two-headed ogre
  9871 | D:9      | Killed a two-headed ogre
  9972 | D:9      | Noticed a wizard
  9979 | D:9      | Killed a wizard
  9982 | D:9      | Noticed a large abomination
  9982 | D:9      | Noticed a large abomination
  9988 | D:9      | Killed a large abomination
  9988 | D:9      | Reached skill level 12 in Unarmed Combat
  9988 | D:9      | Reached XP level 11. HP: 51/97 MP: 7/12
 10368 | D:9      | Killed a large abomination
 10852 | D:10     | Entered Level 10 of the Dungeon
 10921 | D:10     | Reached ***** piety under Cheibriados
 11316 | D:10     | Killed an unseen horror
 11316 | D:10     | Reached skill level 1 in Shields
 11488 | D:10     | Found a staircase to the Orcish Mines.
 11989 | D:11     | Reached skill level 10 in Fighting
 12115 | D:11     | Found a staircase to the Lair.
 12128 | D:11     | Reached skill level 13 in Unarmed Combat
 12451 | D:12     | Noticed a green ugly thing
 12459 | D:12     | Killed a green ugly thing
 12522 | D:12     | Reached ****** piety under Cheibriados
 12522 | D:12     | Reached XP level 12. HP: 76/106 MP: 13/13
 12827 | D:12     | Reached skill level 10 in Dodging
 13034 | D:12     | Noticed a centaur warrior
 13043 | D:12     | Killed a centaur warrior
 13162 | D:13     | Noticed a six-headed hydra
 13168 | D:13     | Killed a six-headed hydra
 13172 | D:13     | Noticed a centaur warrior
 13194 | D:13     | Noticed a centaur warrior
 13325 | D:12     | Reached skill level 5 in Shields
 13492 | D:13     | Killed a centaur warrior
 13492 | D:13     | Reached skill level 14 in Unarmed Combat
 13539 | D:13     | Noticed a centaur warrior
 13545 | D:13     | Killed a centaur warrior
 13627 | Lair:1   | Entered Level 1 of the Lair of Beasts
 13716 | Lair:1   | Noticed Erica
 13725 | Lair:1   | Killed Erica
 14132 | Lair:1   | Found a burning altar of Makhleb.
 14336 | Lair:1   | Reached XP level 13. HP: 116/116 MP: 14/14
 15129 | Lair:2   | Noticed Nergalle
 15141 | Lair:2   | Killed Nergalle
 15238 | Lair:2   | Found a staircase to the Shoals.
 15482 | Lair:3   | Got a pitted falchion
 15483 | Lair:3   | Identified the +4 falchion "Minotaur's Bane" {drain, Int-5
                  | Dex+5} (You found it on level 3 of the Lair of Beasts)
 15579 | Lair:3   | Got an encrusted quarterstaff
 15585 | Lair:3   | Identified the cursed +1 quarterstaff "Veluwoj" {antimagic,
                  | Str+6} (You found it on level 3 of the Lair of Beasts)
 15627 | Lair:3   | Reached skill level 15 in Unarmed Combat
 17155 | Lair:4   | Found a hole to the Spider Nest.
 18821 | Lair:5   | Reached XP level 14. HP: 121/127 MP: 15/15
 18937 | Lair:5   | Learned a level 5 spell: Blade Hands
 19041 | Lair:5   | Reached skill level 16 in Unarmed Combat
 19354 | Lair:6   | Entered Level 6 of the Lair of Beasts
 19746 | Lair:6   | Found a shattered altar of Ashenzari.
 20594 | Lair:6   | HP: 6/127 [sun demon (17)]
 20594 | Lair:6   | Mangled by a sun demon

Levels and vault maps discovered:
D:1:      onia_arrival_zoo_common, layout_basic
D:2:      layout_rooms
D:3:      layout_loops_corners, marbit_many_paths, lightli_sewer_entry_pipes,
          corexii_item_surrounded_by_moat, solitary_fountain,
          kennysheep_generic_room_6
D:4:      layout_basic, hangedman_ru_absence,
          chequers_temple_overflow_statue_of_worship, trog_wizard
D:5:      layout_gridville, first_ration, uniq_sigmund, uniq_pikel
D:6:      layout_basic, lemuel_zombie_altar_yredelemnul, elyvilon_altar_1,
          minmay_temple_entry_glassed_door, basic_altar,
          ebering_ghost_reflecting_pool, uniq_duvessa
D:7:      layout_basic, minmay_increasing_density, uniq_crazy_yiuf_cottage
D:8:      layout_basic, nemelex_xobeh_ov_fountains_minmay, lemuel_round_altar
D:9:      layout_loops_ring, grunt_pizzeria, laboratory
D:10:     layout_rooms, orc_0_dummy, nicolae_looking_at_the_future
D:11:     layout_rooms, david_lair_shrubbed
D:12:     layout_loops_ring
D:13:     layout_basic
Temple:   nicolae_temple_great_sept
Lair:1:   layout_gridlike, basic_altar, minivault_11, beast_lair_carwin_7,
          grunt_megastairs_1, uniq_erica
Lair:2:   layout_chaotic_city, shoals_dummy_entry, uniq_nergalle
Lair:3:   layout_cave_pods, grunt_forest_stairs_clearing
Lair:4:   layout_layer_cave, spider_nest_entry_rubble, st_stairs_11
Lair:5:   pond_and_an_island_with_a_cottage, layout_long_grid
Lair:6:   evil_forest, layout_hall_layers, minmay_slime_entry_oklob_open,
          basic_altar, lemuel_fruit_fields, lemuel_fruit_tree

Skill      XL: |  1  2  3  4  5  6  7  8  9 10 11 12 13 14 |
---------------+-------------------------------------------+-----
Fighting       | 2 3 4 6 8 9 10 11 12 | 12.9
Unarmed Combat | 4 5 6 7 8 10 12 13 14 15 16 | 16.4
Transmutations | 2 3 4 5 6 7 8 9 |  9.6
Dodging        | 3 4 6 7 8 9 10 11 12 | 12.2
Shields        | 3 6 8 9 |  9.3
Spellcasting   | |  1.3

Action                   |  1- 3 |  4- 6 |  7- 9 | 10-12 | 13-15 || total
-------------------------+-------+-------+-------+-------+-------++-------
Melee: Unarmed           |    86 |   196 |   250 |   434 |   384 ||  1350
       Headbutt          |    17 |    17 |    51 |   165 |   159 ||   409
       Punch             |     1 |     5 |    13 |    10 |     5 ||    34
       Kick              |       |    25 |    59 |   196 |   165 ||   445
 Cast: Beastly Appendage |     1 |    17 |    25 |    51 |    31 ||   125
       Sticks to Snakes  |       |     6 |    17 |    12 |     1 ||    36
       Blade Hands       |       |       |       |       |     4 ||     4
Evoke: Wand              |       |     6 |     1 |       |     5 ||    12
  Use: Scroll            |     7 |     1 |     6 |    11 |     4 ||    29
       Potion            |       |     5 |     1 |     1 |       ||     7
 Stab: Sleeping          |     1 |       |     3 |     8 |    10 ||    22
       Distracted        |       |       |     1 |     2 |     2 ||     5
  Eat: Chunk             |     2 |     9 |    10 |    23 |    15 ||    59
       Ration            |       |       |     1 |     1 |       ||     2
Armor: Robe              |    16 |    49 |    36 |    52 |    34 ||   187
Dodge: Dodged            |    58 |   148 |   187 |   382 |   246 ||  1021
Block: Buckler           |       |       |       |   112 |    27 ||   139
       Shield            |       |       |       |    21 |   234 ||   255
